 Dungeon Crawl Stone Soup version 0.28.0-47-ge53b351184 (webtiles) character file.

Game seed: 789716695642324030

85 NinjaNoafa the Cruncher (level 4, 38/38 HPs)
             Began as a Gnoll Wanderer on Apr 27, 2022.
             Quit the game on level 3 of the Dungeon.
             The game lasted 00:02:40 (1020 turns).

NinjaNoafa the Cruncher (Gnoll Wanderer)            Turns: 1020, Time: 00:02:41

Health: 38/38      AC:  3    Str: 10 (11) XL:     4   Next: 48%
Magic:  5/5        EV: 13    Int: 10 (12) God:
Gold:   41         SH:  0    Dex: 13      Spells: 5/5 levels left

rFire   x . .      SeeInvis .   a - +2 quarterstaff
rCold   + . .      Faith    .   (shield currently unavailable)
rNeg    . . .      Spirit   .   e - +0 robe
rPois   .          Reflect  .   (no helmet)
rElec   .          Harm     .   (no cloak)
rCorr   .          Rampage  .   (no gloves)
Will    .....                   d - +0 pair of boots
Stlth   ++........              (no amulet)
HPRegen 0.12/turn               j - ring of ice
MPRegen 0.09/turn               (no ring)

@: no status effects
A: fangs 1, strong nose, distributed training
a: no special abilities


You were on level 3 of the Dungeon.
You visited 1 branch of the dungeon, and saw 4 of its levels.

You collected 41 gold pieces.

Inventory:

Hand Weapons
 a - a +2 quarterstaff (weapon)
 b - a +0 hunting sling
Missiles
 c - 18 sling bullets
 f - 25 stones (quivered)
Armour
 d - a +0 pair of boots (worn)
 e - a +0 robe (worn)
 i - an orb of mayhem
Jewellery
 j - a ring of ice (left hand)
Scrolls
 g - 3 scrolls of vulnerability {unknown}
 h - a scroll of enchant weapon {unknown}
 m - a scroll of blinking {unknown}


   Skills:
 + Level 4.6 Fighting
 + Level 1.1 Short Blades
 + Level 1.1 Long Blades
 + Level 1.1 Axes
 + Level 1.1 Maces & Flails
 + Level 1.1 Polearms
 + Level 8.5 Staves
 + Level 2.7 Slings
 + Level 1.1 Bows
 + Level 1.1 Crossbows
 + Level 1.1 Throwing
 + Level 2.7 Armour
 + Level 4.6 Dodging
 + Level 1.1 Stealth
 + Level 1.1 Shields
 + Level 1.1 Unarmed Combat
 + Level 1.1 Spellcasting
 + Level 0.9 Conjurations
 + Level 0.9 Hexes
 + Level 0.9 Summonings
 + Level 0.9 Necromancy
 + Level 0.9 Translocations
 + Level 0.9 Transmutations
 + Level 0.9 Fire Magic
 + Level 0.9 Ice Magic
 + Level 0.9 Air Magic
 + Level 0.9 Earth Magic
 + Level 0.9 Poison Magic
 + Level 1.2 Invocations
 + Level 1.1 Evocations


You had 5 spell levels left.
You didn't know any spells.
Your spell library contained the following spells:

 Spells                   Type           Power      Damage    Failure   Level
 Magic Dart               Conj           8%         1d3       24%         1
 Searing Ray              Conj           4%         2d4       34%         2
 Fulminant Prism          Conj/Hex       1%         3d6       93%         4


Dungeon Overview and Level Annotations

Branches:
Dungeon (4/15)
 Temple: D:4-7

Altars:


Innate Abilities, Weirdness & Mutations

You have very sharp teeth.
Your uncanny sense of smell can sniff out nearby items.
Your experience applies equally to all skills.


Message History

Things that are here:
a +0 flail; an orc corpse
Things that are here:
a +0 flail; an orc corpse You now have 41 gold pieces (gained 18).
There is a shaft here.
There is a shaft here.
Things that are here:
a +0 flail; an orc corpse A kobold comes into view.
It is wielding a +0 club.
A kobold is nearby!
A kobold is nearby!
A bat comes into view.
The kobold shouts!
The bat hits you but does no damage. The bat barely misses you.
The bat misses you. The bat barely misses you.
You hit the bat but do no damage. Your bite misses the bat. The bat hits you.
The kobold completely misses you.
You barely miss the kobold. The bat misses you. The kobold misses you.
You barely miss the kobold. The bat hits you but does no damage.
The kobold hits you with a +0 club.
You barely miss the kobold. The bat closely misses you.
You sock the kobold!
You kill the kobold!
The bat barely misses you.
You barely miss the bat. The bat hits you but does no damage.
You thump the bat!
You kill the bat!
No target in view!
No target in view!
No target in view!
Things that are here:
a +0 club; a kobold corpse A ball python comes into view.
A ball python is nearby!
Saving game... please wait.
Welcome back, NinjaNoafa the Gnoll Wanderer.
Press ? for a list of commands and other information.
Are you sure you want to abandon this character and quit the game? (Confirm with "yes".)

####.......#.###..
......###.###......
####...#..# #######
...#...## ######..#
# #..# ###.# #..#
......######..#
.......@......#
###.##.######## #.
#. #. #. #S #.
##### #########...#


You could see a ball python (asleep).

Vanquished Creatures
  A scorpion (D:4)
  2 dart slugs
  An orc (D:3)
  3 endoplasms (D:1)
  A giant cockroach (D:1)
  A quokka (D:1)
  2 ball pythons (D:3)
  2 bats
  3 frilled lizards (D:1)
  2 goblins (D:1)
  2 kobolds
  4 rats (D:1)
24 creatures vanquished.

Notes
Turn   | Place    | Note
-------+----------+-------------------------------------------
     0 | D:1      | NinjaNoafa the Gnoll Wanderer began the quest for the Orb.
     0 | D:1      | NinjaNoafa set off with the following items: a +2
                  | quarterstaff, a +0 hunting sling, 21 sling bullets, a +0
                  | pair of boots, a +0 robe
     0 | D:1      | Reached XP level 1. HP: 20/20 MP: 1/1
   193 | D:1      | Reached XP level 2. HP: 24/26 MP: 2/2
   304 | D:1      | Found a faded altar of an unknown god.
   664 | D:2      | You fall into a shaft and drop 2 floors!
   669 | D:4      | Noticed a scorpion
   681 | D:4      | Killed a scorpion
   682 | D:4      | Reached skill level 1 in Short Blades
   682 | D:4      | Reached skill level 1 in Long Blades
   682 | D:4      | Reached skill level 1 in Axes
   682 | D:4      | Reached skill level 1 in Maces & Flails
   682 | D:4      | Reached skill level 1 in Polearms
   682 | D:4      | Reached skill level 1 in Bows
   682 | D:4      | Reached skill level 1 in Crossbows
   682 | D:4      | Reached skill level 1 in Throwing
   682 | D:4      | Reached skill level 1 in Stealth
   682 | D:4      | Reached skill level 1 in Shields
   682 | D:4      | Reached skill level 1 in Unarmed Combat
   682 | D:4      | Reached skill level 1 in Spellcasting
   682 | D:4      | Reached skill level 1 in Invocations
   682 | D:4      | Reached skill level 1 in Evocations
   682 | D:4      | Reached XP level 3. HP: 31/31 MP: 2/4
   682 | D:4      | Reached XP level 4. HP: 38/38 MP: 2/5
  1020 | D:3      | Quit the game

Illustrated notes

Levels and vault maps discovered:
D:1:      sevenhm_arrival_forest_fort_small_6, layout_basic,
          hellmonk_ecumenical_altar_zigzags
D:2:      layout_loops_cross
D:3:      layout_loops_ring, uniq_crazy_yiuf_cottage, uniq_jessica
D:4:      layout_rooms, uniq_sigmund, uniq_menkaure

Skill      XL: |  1  2 |
---------------+-------+-----
Short Blades   | 1 |  1.1
Long Blades    | 1 |  1.1
Axes           | 1 |  1.1
Maces & Flails | 1 |  1.1
Polearms       | 1 |  1.1
Bows           | 1 |  1.1
Crossbows      | 1 |  1.1
Throwing       | 1 |  1.1
Stealth        | 1 |  1.1
Shields        | 1 |  1.1
Unarmed Combat | 1 |  1.1
Spellcasting   | 1 |  1.1
Invocations    | 1 |  1.2
Evocations     | 1 |  1.1
Fighting       | |  4.6
Staves         | |  8.5
Slings         | |  2.7
Armour         | |  2.7
Dodging        | |  4.6
Conjurations   | |  0.9
Hexes          | |  0.9
Summonings     | |  0.9
Necromancy     | |  0.9
Translocations | |  0.9
Transmutations | |  0.9
Fire Magic     | |  0.9
Ice Magic      | |  0.9
Air Magic      | |  0.9
Earth Magic    | |  0.9
Poison Magic   | |  0.9

Action                   |  1- 3 |  4- 6 || total
-------------------------+-------+-------++-------
Melee: Quarterstaff      |    34 |    16 ||    50
       Bite              |     2 |     1 ||     3
 Fire: Hunting sling     |    17 |       ||    17
  Use: Potion            |     3 |       ||     3
 Stab: Sleeping          |     1 |       ||     1
Armor: Robe              |     5 |     3 ||     8
       Skin              |     3 |       ||     3
Dodge: Dodged            |    16 |    13 ||    29
